 Dungeon Sprint DCSS version 0.20-a0-45-gb3e417c (webtiles) character file.

18821 esc the Eclecticist (level 12, -1/80 HPs)
             Began as a Deep Elf Fire Elementalist on Nov 12, 2016.
             Was the Champion of Vehumet.
             Slain by the 27-headed Lernaean hydra (16 damage)
             ... in the Dungeon (Sprint I: "Red Sonja").
             The game lasted 00:27:17 (3451 turns).

esc the Eclecticist (Deep Elf Fire Elementalist)    Turns: 3451, Time: 00:27:18

Health: -1/80      AC: 14    Str:  8    XL:     12   Next: 31%
Magic:  34/35      EV: 22    Int: 31    God:    Vehumet [******]
Gold:   543        SH:  0    Dex: 15    Spells: 8 memorised, 14 levels left

rFire  + . .     SeeInvis .     j - +4 long sword "Ykhlell" {slice, rN+ Str+3}
rCold  . . .     Gourm    .     k - +0 troll leather armour {regen}
rNeg   + . .     Faith    .     (no shield)
rPois  .         Spirit   .     (no helmet)
rElec  .         Reflect  .     o - +2 cloak {+Inv}
rCorr  .         Harm     +     (no gloves)
MR     +....     NoTele   +     r - +0 pair of boots
Stlth  +.........               u - amulet of harm
                                v - +5 ring of protection
                                n - ring of Lireor Ymp {+Fly rF+ Int+5}

@: very slightly contaminated, delayed fireball, invisible
A: no striking features
a: Renounce Religion, Release Delayed Fireball, Turn Visible, Evoke Flight


You were in the Dungeon.
You worshipped Vehumet.
Vehumet was exalted by your worship.
You were not hungry.

You visited 1 branch You collected 2562 gold pieces.
You spent 2019 gold pieces at shops.

Inventory:

Hand Weapons
 j - the +4 long sword "Ykhlell" (weapon) {slice, rN+ Str+3}
   (You found it in the Dungeon)

   It inflicts extra damage upon your enemies.
   It affects your strength (+3).
   It protects you from negative energy.
 m - a +0 blowgun
   (You took it off Sonja in the Dungeon)
Missiles
 l - 7 curare-tipped needles
Armour
 k - a +0 troll leather armour (worn) {regen}
   (You found it in the Dungeon)
 o - a +2 cloak of invisibility (worn)
   (You bought it in a shop in the Dungeon)
 r - a +0 pair of boots (worn)
   (You found it in the Dungeon)
Jewellery
 n - the ring of Lireor Ymp (left hand) {+Fly rF+ Int+5}
   (You bought it in a shop in the Dungeon)

   [ring of flight]

   It affects your intelligence (+5).
   It protects you from fire.
   It lets you fly.
 t - the ring "Xamnaxka" {rF+ Int+2 Stlth+}
   (You found it in the Dungeon)

   [ring of stealth]

   It affects your intelligence (+2).
   It protects you from fire.
   It makes you more stealthy.
 u - an amulet of harm (around neck)
   (You bought it in a shop in the Dungeon)
 v - a +5 ring of protection (right hand)
   (You bought it in a shop in the Dungeon)
Scrolls
 i - a scroll of blinking {!r}
 q - 2 scrolls of remove curse {unknown}
 w - a scroll of immolation {unknown}
Potions
 d - 3 potions of curing
 e - 2 potions of heal wounds
 f - a potion of haste
 g - 2 potions of magic
 h - a potion of might
Books
 b - a book of Flames
Miscellaneous
 c - a lamp of fire
   (You found it in the Dungeon)
Comestibles
 p - a meat ration {@e2}


   Skills:
 + Level 11.7 Fighting
 - Level 5.9 Armour
 + Level 16.0 Dodging
 - Level 2.4 Stealth
 + Level 17.4 Spellcasting
 + Level 14.8 Conjurations
 + Level 15.0 Fire Magic
 - Level 5.0 Air Magic


You had 14 spell levels left.
You knew the following spells:

 Your Spells              Type           Power        Failure   Level  Hunger
a - Flame Tongue          Conj/Fire      #####        0%          1    None
b - Inner Flame           Hex/Fire       ######..     1%          3    None
c - Conjure Ball Lightni  Conj/Air       ######....   2%          6    #......
d - Delayed Fireball      Conj/Fire      N/A          1%          7    ####...
e - Bolt of Magma         Conj/Fire/Erth ######....   1%          5    None
f - Fireball              Conj/Fire      #######...   1%          5    None
s - Sticky Flame          Conj/Fire      #######.     1%          4    None
x - Lightning Bolt        Conj/Air       ######....   1%          5    None


Dungeon Overview and Level Annotations

Branches:
Dungeon (1/1)

Altars:
Cheibriados
Dithmenos
Elyvilon
Fedhas
Gozag
Hepliaklqana
Kikubaaqudgha
Makhleb
Nemelex Xobeh
Okawaru
Qazlal
Ru
Sif Muna
Trog
Uskayaw
Vehumet
Xom
Yredelemnul
Zin
The Shining One
Jiyva
Lugonu

Shops:
D !=*=?}(}==}=[:([?!([!

Annotations:
D Lernaean hydra


Message History

You feel your power returning.
Your life force feels restored.
Your Dodging skill increases to level 16!
Your Fire Magic skill increases to level 15!
The bolt of magma hits the golden dragon.
The golden dragon partially resists.
Which direction?
There's something blocking the doorway.
There is an open door here.
You close the door.
Okay, then.
You start resting.
You feel a little less clever now.
You regained 17 hp, and now have 59/80 hp.
You regained 6 mp, and now have 20/35 mp.
You start resting.
Health restored: 80; MP restored: 35
There is an open door here.
You avoid triggering an arrow trap.
There is an arrow trap here.
You avoid triggering an arrow trap.
There is an arrow trap here.
Things that are here:
a dagger; a leather armour
There is an open door here.
There is an open door here.
You see here a trident.
There is an open door here.
There is an open door here.
You open the door.
A gargoyle comes into view. It is wielding a dire flail.
You found an arrow trap!
There is an open door here.
Really walk into a travel-excluded area?
There is an open door here.
Aim: a gargoyle, wielding a dire flail (noxious fumes)
The bolt of magma hits the gargoyle.
You destroy the gargoyle!
Vehumet accepts your kill.
You feel your power returning.
You now have 33/35 mp.
Which direction?
You close the door.
Search for what [Enter for "food", or ? for help]? rpos Can't find anything matching that.
Search for what [Enter for "rpos", or ? for help]? rpois You start resting.
MP restored: 35
There is an open door here.
There is an open door here.
You see here a trident.
As you open the door, it creaks loudly!
You hear a shout!
There is an open door here.
A daeva comes into view.
It is wielding a long sword of holy wrath.
The daeva shouts!
There is an open door here.
You close the door.
There is an open door here.
There is an open door here.
You avoid triggering an arrow trap.
There is an arrow trap here.
Things that are here:
a dagger; a leather armour
There is an open door here.
You see here a spear.
You open the door.
There is an open door here.
You enter the shallow water.
Moving in this stuff is going to be slow.
You open the door.
The 27-headed Lernaean hydra comes into view.
The 27-headed Lernaean hydra roars deafeningly!
The 27-headed Lernaean hydra moves out of view.
You close the door.
You fail to use your ability.
You fail to use your ability.
You fail to use your ability.
You fade into invisibility!
You are very lightly contaminated with residual magic.
You feel quite a bit more hungry.
You now have 33/35 mp.
You open the door.
The 27-headed Lernaean hydra completely misses you.
You riposte.
You hit the 27-headed Lernaean hydra. The 27-headed Lernaean hydra bites you!
The 27-headed Lernaean hydra bites you. The 27-headed Lernaean hydra bites you!
The 27-headed Lernaean hydra closely misses you.
The 27-headed Lernaean hydra bites you but does no damage.
The 27-headed Lernaean hydra closely misses you.
The 27-headed Lernaean hydra bites you.
The 27-headed Lernaean hydra closely misses you.
The 27-headed Lernaean hydra misses you.
The 27-headed Lernaean hydra bites you.
The 27-headed Lernaean hydra bites you but does no damage. x2
The 27-headed Lernaean hydra bites you! x2
* * * LOW HITPOINT WARNING * * *
The 27-headed Lernaean hydra bites you.
* * * LOW HITPOINT WARNING * * *
The 27-headed Lernaean hydra bites you!
You die...

#.≈..##.§§...§...
#.≈..#......§§...
###..#...§.)§....
+..##..........
##'##$$$$$$$§$
#≈≈≈## #≈≈≈≈##
#≈≈≈≈≈# ##≈≈≈@#
#+≈≈≈D≈≈.≈≈+
##≈≈#≈≈≈≈≈#
######+###


You could see the 27-headed Lernaean hydra.

Vanquished Creatures
  A shadow dragon (D)
  A deep elf annihilator (D)
  A mummy priest (D)
  A hydra (D)
  2 centaur warriors (D)
  Sonja (D)
  2 unseen horrors (D)
  A deep troll (D)
  A lindwurm (D)
  8 shining eyes (D)
  2 oklob plants (D)
  A merfolk siren (D)
  A gargoyle (D)
  4 demonic crawlers (D)
  2 kobold demonologists (D)
  5 hornets (D)
  A slime creature (D)
  Sigmund (D)
  2 redbacks (D)
  13 hogs (D)
  A yak (D)
  7 floating eyes (D)
  7 necrophages (D)
  An ogre (D)
  8 jellies (D)
  Ijyb (D)
  2 ballistomycetes (D)
78 creatures vanquished.

Vanquished Creatures (others)
  2 ball lightnings (D)
  A merfolk siren (D)
  A gargoyle (D)
  A hellwing (D)
  2 ballistomycete spores (D)
7 creatures vanquished.

Grand Total: 85 creatures vanquished

Notes
Turn   | Place    | Note
-------+----------+-------------------------------------------
     0 | D        | esc the Deep Elf Fire Elementalist began the quest for the Orb.
     0 | D        | Reached XP level 1. HP: 10/10 MP: 6/6
     1 | D        | Noticed Ijyb
    12 | D        | Killed Ijyb
    12 | D        | Reached skill level 1 in Fighting
    12 | D        | Reached skill level 4 in Dodging
    12 | D        | Reached skill level 4 in Spellcasting
    12 | D        | Reached skill level 2 in Conjurations
    12 | D        | Reached skill level 4 in Fire Magic
    12 | D        | Reached XP level 2. HP: 15/17 MP: 0/9
   101 | D        | Killed a gargoyle
   127 | D        | Noticed an ogre
   131 | D        | Killed an ogre
   131 | D        | Reached skill level 3 in Fighting
   131 | D        | Reached skill level 5 in Dodging
   131 | D        | Reached skill level 6 in Spellcasting
   131 | D        | Reached skill level 4 in Conjurations
   131 | D        | Reached skill level 5 in Fire Magic
   131 | D        | Reached XP level 3. HP: 23/23 MP: 5/12
   131 | D        | Reached XP level 4. HP: 28/28 MP: 5/14
   148 | D        | Learned a level 4 spell: Sticky Flame
   193 | D        | Noticed Sigmund
   201 | D        | HP: 3/28 [Sigmund/scythe (11)]
   203 | D        | Killed Sigmund
   203 | D        | Reached skill level 4 in Fighting
   203 | D        | Reached skill level 7 in Dodging
   203 | D        | Reached skill level 7 in Spellcasting
   203 | D        | Reached skill level 6 in Conjurations
   203 | D        | Reached skill level 6 in Fire Magic
   203 | D        | Reached XP level 5. HP: 4/34 MP: 10/17
   203 | D        | Reached XP level 6. HP: 5/39 MP: 10/18
   563 | D        | Found a deep blue altar of Sif Muna.
   565 | D        | Found a radiant altar of Vehumet.
   567 | D        | Reached skill level 8 in Spellcasting
   567 | D        | Reached skill level 7 in Fire Magic
   596 | D        | Became a worshipper of Vehumet
   598 | D        | Found Demott's Jewellery Emporium.
   598 | D        | Found an ancient bone altar of Kikubaaqudgha.
   598 | D        | Found a hazy altar of Hepliaklqana.
   598 | D        | Found a stormy altar of Qazlal.
   598 | D        | Found a hide-covered altar of Uskayaw.
   598 | D        | Found a blossoming altar of Fedhas.
   598 | D        | Found a bloodstained altar of Trog.
   598 | D        | Found an iron altar of Okawaru.
   598 | D        | Found a basalt altar of Yredelemnul.
   598 | D        | Found a glowing golden altar of the Shining One.
   598 | D        | Found a snail-covered altar of Cheibriados.
   598 | D        | Found a sacrificial altar of Ru.
   598 | D        | Found a glowing silver altar of Zin.
   598 | D        | Found a shadowy altar of Dithmenos.
   598 | D        | Found a white marble altar of Elyvilon.
   598 | D        | Noticed a yak
   605 | D        | Killed a yak
   605 | D        | Reached skill level 5 in Fighting
   605 | D        | Reached skill level 8 in Dodging
   605 | D        | Reached skill level 9 in Spellcasting
   605 | D        | Reached skill level 7 in Conjurations
   611 | D        | Found an opulent altar of Gozag.
   612 | D        | Found a sparkling altar of Nemelex Xobeh.
   629 | D        | Learned a level 5 spell: Fireball
   635 | D        | Found a burning altar of Makhleb.
   635 | D        | Found a viscous altar of Jiyva.
   635 | D        | Found a shimmering altar of Xom.
   635 | D        | Found a corrupted altar of Lugonu.
   635 | D        | Noticed a slime creature
   655 | D        | Killed a slime creature
   655 | D        | Reached skill level 8 in Fire Magic
   655 | D        | Reached XP level 7. HP: 22/45 MP: 7/22
   806 | D        | Noticed Sonja
   808 | D        | Killed Sonja
   808 | D        | Reached * piety under Vehumet
   808 | D        | Offered knowledge of Sting by Vehumet.
   808 | D        | Reached skill level 6 in Fighting
   808 | D        | Reached skill level 10 in Dodging
   808 | D        | Reached skill level 10 in Spellcasting
   808 | D        | Reached skill level 9 in Conjurations
   808 | D        | Reached skill level 9 in Fire Magic
   808 | D        | Reached XP level 8. HP: 52/52 MP: 12/24
   871 | D        | Noticed a deep troll
   882 | D        | Killed a deep troll
   882 | D        | Reached skill level 7 in Fighting
   882 | D        | Reached skill level 11 in Spellcasting
   882 | D        | Reached skill level 10 in Fire Magic
   916 | D        | Found Xizeloiw's Armour Emporium.
   922 | D        | Bought a +2 cloak of invisibility for 236 gold pieces
   952 | D        | Noticed a kobold demonologist
   954 | D        | Noticed a kobold demonologist
   956 | D        | Killed a kobold demonologist
   956 | D        | Reached ** piety under Vehumet
   956 | D        | Reached skill level 1 in Armour
   956 | D        | Reached skill level 11 in Dodging
   956 | D        | Reached skill level 12 in Spellcasting
   956 | D        | Reached skill level 10 in Conjurations
   956 | D        | Reached XP level 9. HP: 57/57 MP: 10/27
   958 | D        | Killed a kobold demonologist
   958 | D        | Reached skill level 2 in Armour
   981 | D        | Found Vadurgh's Distillery.
  1134 | D        | Noticed a centaur warrior
  1135 | D        | Noticed a centaur warrior
  1136 | D        | Killed a centaur warrior
  1136 | D        | Offered knowledge of Searing Ray by Vehumet.
  1136 | D        | Reached skill level 8 in Fighting
  1136 | D        | Reached skill level 3 in Armour
  1136 | D        | Reached skill level 11 in Fire Magic
  1136 | D        | HP: 11/59 [centaur warrior/arrow (10)]
  1137 | D        | Killed a centaur warrior
  1137 | D        | Reached skill level 4 in Armour
  1137 | D        | Reached skill level 12 in Dodging
  1137 | D        | Reached skill level 13 in Spellcasting
  1137 | D        | Reached skill level 11 in Conjurations
  1241 | D        | Reached *** piety under Vehumet
  1295 | D        | Noticed an oklob plant
  1306 | D        | Killed an oklob plant
  1306 | D        | Offered knowledge of Ignite Poison by Vehumet.
  1306 | D        | Reached XP level 10. HP: 65/65 MP: 29/29
  1413 | D        | Noticed an unseen horror
  1415 | D        | Killed an unseen horror
  1415 | D        | Reached **** piety under Vehumet
  1415 | D        | Reached skill level 9 in Fighting
  1415 | D        | Reached skill level 5 in Armour
  1415 | D        | Reached skill level 12 in Fire Magic
  1417 | D        | Killed an unseen horror
  1417 | D        | Reached skill level 13 in Dodging
  1417 | D        | Reached skill level 14 in Spellcasting
  1419 | D        | Reached ***** piety under Vehumet
  1433 | D        | Reached skill level 12 in Conjurations
  1570 | D        | Offered knowledge of Static Discharge by Vehumet.
  1654 | D        | Reached ****** piety under Vehumet
  1673 | D        | Found Zigevo's Distillery.
  1673 | D        | Found Cuesk's Gadget Shoppe.
  1674 | D        | Found Jutogg's Jewellery Boutique.
  1674 | D        | Found Guus's Antique Weapon Emporium.
  1675 | D        | Found Gasyat's Distillery.
  1680 | D        | Got a faintly glowing long sword
  1689 | D        | Identified the +4 long sword "Ykhlell" {slice, rN+ Str+3} (You found it in the Dungeon)
  1694 | D        | Found Buufu's Antique Weapon Shop.
  1696 | D        | Found Feats's Jewellery Emporium.
  1696 | D        | Found Ziusi's Gadget Shop.
  1696 | D        | Found Tomocloe's Jewellery Shoppe.
  1696 | D        | Found Icill's Antique Armour Boutique.
  1696 | D        | Found Xedialuweoh's Book Emporium.
  1696 | D        | Found Kasunorph's Antique Weapon Shop.
  1696 | D        | Found Paputwalo's Antique Armour Shoppe.
  1700 | D        | Found Busanur's Magic Scroll Boutique.
  1726 | D        | Bought the ring of Lireor Ymp {+Fly rF+ Int+5} for 504 gold pieces
  1729 | D        | Bought an uncursed amulet of harm for 300 gold pieces
  1732 | D        | Bought a +5 ring of protection for 605 gold pieces
  1784 | D        | Learned a level 3 spell: Inner Flame
  1784 | D        | Noticed a shining eye
  1784 | D        | Noticed a shining eye
  1784 | D        | Noticed a shining eye
  1784 | D        | Noticed a shining eye
  1784 | D        | Noticed a shining eye
  1784 | D        | Noticed a shining eye
  1785 | D        | Offered knowledge of Irradiate by Vehumet.
  1786 | D        | Killed a shining eye
  1786 | D        | Killed a shining eye
  1786 | D        | Gained mutation: You are frail. (-10% HP) [a shining eye]
  1788 | D        | Noticed a shining eye
  1789 | D        | Killed a shining eye
  1789 | D        | Reached skill level 13 in Fire Magic
  1789 | D        | Reached XP level 11. HP: 64/64 MP: 26/31
  1789 | D        | Reached skill level 15 in Spellcasting
  1789 | D        | Gained mutation: Scrolls take you a little longer to read. [a shining eye]
  1790 | D        | Gained mutation: You are dopey. (Int -2) [a shining eye]
  1791 | D        | Killed a shining eye
  1791 | D        | Reached skill level 10 in Fighting
  1791 | D        | Gained mutation: You expend magic power (3 MP) to strengthen your wands. [a shining eye]
  1792 | D        | Noticed a shining eye
  1792 | D        | Killed a shining eye
  1792 | D        | Reached skill level 14 in Dodging
  1815 | D        | Gained mutation: Scrolls take you longer to read. [a shining eye]
  1816 | D        | Killed a shining eye
  1816 | D        | Reached skill level 13 in Conjurations
  1817 | D        | Killed a shining eye
  1822 | D        | Killed a shining eye
  1896 | D        | Found Doanehoe's Magic Scroll Shop.
  1896 | D        | Found Tocoal's Jewellery Shoppe.
  1896 | D        | Found Cexzy's Gadget Boutique.
  1896 | D        | Found Vinluin's Assorted Antiques.
  1971 | D        | Offered knowledge of Conjure Ball Lightning by Vehumet.
  1983 | D        | Learned a level 6 spell: Conjure Ball Lightning
  2112 | D        | Reached skill level 1 in Air Magic
  2362 | D        | Noticed a lindwurm
  2368 | D        | Killed a lindwurm
  2368 | D        | Reached skill level 2 in Air Magic
  2413 | D        | Reached skill level 16 in Spellcasting
  2419 | D        | Offered knowledge of Delayed Fireball by Vehumet.
  2423 | D        | Reached skill level 14 in Fire Magic
  2423 | D        | Reached skill level 3 in Air Magic
  2432 | D        | Reached skill level 15 in Dodging
  2572 | D        | Noticed a 12-headed hydra
  2581 | D        | Killed a 12-headed hydra
  2581 | D        | Reached skill level 11 in Fighting
  2581 | D        | Reached skill level 14 in Conjurations
  2581 | D        | Reached skill level 4 in Air Magic
  2659 | D        | Learned a level 7 spell: Delayed Fireball
  2810 | D        | Bought a potion of brilliance for 44 gold pieces
  2810 | D        | Bought a potion of cure mutation for 275 gold pieces
  2810 | D        | Bought a potion of heal wounds for 55 gold pieces
  2810 | D        | Lost mutation: Scrolls take you longer to read. [potion of cure mutation]
  2810 | D        | Lost mutation: You are frail. (-10% HP) [potion of cure mutation]
  2810 | D        | Lost mutation: You expend magic power (3 MP) to strengthen your wands. [potion of cure mutation]
  2810 | D        | Lost mutation: Scrolls take you a little longer to read. [potion of cure mutation]
  2810 | D        | Lost mutation: You are dopey. (Int -2) [potion of cure mutation]
  2904 | D        | Noticed a deep elf annihilator
  2912 | D        | Killed a deep elf annihilator
  2950 | D        | Offered knowledge of Lightning Bolt by Vehumet.
  2950 | D        | Reached skill level 5 in Air Magic
  2950 | D        | Reached XP level 12. HP: 80/80 MP: 26/34
  2957 | D        | Learned a level 5 spell: Lightning Bolt
  2988 | D        | Noticed a mummy priest
  3066 | D        | Killed a mummy priest
  3066 | D        | Reached skill level 17 in Spellcasting
  3066 | D        | Offered knowledge of Bolt of Magma by Vehumet.
  3216 | D        | Got a bound gossamer ring
  3223 | D        | Identified the ring "Xamnaxka" {rF+ Int+2 Stlth+} (You found it in the Dungeon)
  3245 | D        | Learned a level 5 spell: Bolt of Magma
  3252 | D        | Noticed a shadow dragon
  3252 | D        | Noticed a golden dragon
  3271 | D        | Killed a shadow dragon
  3271 | D        | Reached skill level 16 in Dodging
  3271 | D        | Reached skill level 15 in Fire Magic
  3411 | D        | Noticed a daeva
  3440 | D        | Noticed the 27-headed Lernaean hydra
  3451 | D        | HP: 16/80 [the 27-headed Lernaean hydra (13)]
  3451 | D        | Slain by the 27-headed Lernaean hydra

Vault maps used:
D:        dungeon_sprint_1

Skill      XL: |  1  2  3  4  5  6  7  8  9 10 11 12 |
---------------+-------------------------------------+-----
Fighting       | 1 3 4 5 6 7 8 9 11 | 11.7
Dodging        | 4 5 7 8 10 11 12 13 15 16 | 16.0
Spellcasting   | 4 6 7 9 10 12 13 14 16 17 | 17.4
Conjurations   | 2 4 6 7 9 10 11 12 14 | 14.8
Fire Magic     | 4 5 6 8 9 10 11 13 14 15 | 15.0
Armour         | 1 4 5 |  5.9
Air Magic      | 5 |  5.0
Stealth        | |  2.4

Action                   |  1- 3 |  4- 6 |  7- 9 | 10-12 || total
-------------------------+-------+-------+-------+-------++-------
Melee: Unarmed           |     4 |       |       |       ||     4
       Dagger            |       |       |    22 |     7 ||    29
       Long sword        |       |       |       |    31 ||    31
 Fire: Blowgun           |       |       |     2 |       ||     2
 Cast: Flame Tongue      |     8 |     6 |       |     1 ||    15
       Sticky Flame      |       |     5 |     8 |    50 ||    63
       Fireball          |       |       |     9 |    34 ||    43
       Delayed Fireball  |       |       |       |     1 ||     1
       Bolt of Magma     |       |       |       |     6 ||     6
       Conjure Ball Ligh |       |       |       |     1 ||     1
 Abil: Evoke Invisibilit |       |       |       |     2 ||     2
       Evoke Flight      |       |       |       |     2 ||     2
  Use: Potion            |     1 |       |       |     3 ||     4
       Scroll            |       |       |       |     2 ||     2
 Stab: Sleeping          |       |       |       |     2 ||     2
  Eat: Chunk             |       |       |     3 |     2 ||     5
       Bread ration      |       |       |       |     1 ||     1
       Beef jerky        |       |       |       |     1 ||     1
Armor: Robe              |     1 |       |       |       ||     1
       Troll leather arm |       |       |     1 |    54 ||    55
Dodge: Dodged            |     5 |     2 |     8 |   143 ||   158
       Rpst.: Long sword |       |       |       |    23 ||    23

Vault maps used:
D:        dungeon_sprint_1

Table legend:
 A = Turns spent in this place as a percentage of turns spent in the entire game.
 B = Non-inter-level travel turns spent in this place as a percentage of non-inter-level travel turns spent in the entire game.
 C = Inter-level travel turns spent in this place as a percentage of turns spent in this place.
 D = Turns resting spent in this place as a percentage of non-inter-level travel turns spent in this place.
 E = Turns spent auto-exploring this place as a percentage of non-inter-level travel turns spent in this place.
 F = Non-inter-level travel turns spent in this place divided by the number of levels of this place that you've seen.
                   A       B       C       D       E      F
               +-------+-------+-------+-------+-------+----------------------
         Total | 100.0 | 100.0 |   0.1 |   5.2 |   0.0 | 1570.0
       Dungeon | 100.0 | 100.0 |   0.1 |   5.2 |   0.0 | 1570.0
               +-------+-------+-------+-------+-------+----------------------

Table legend:
 A = Kills in this place as a percentage of kills in entire the game.
 B = Kills by you in this place as a percentage of kills by you in the entire game.
 C = Kills by friends in this place as a percentage of kills by friends in the entire game.
 D = Other kills in this place as a percentage of other kills in the entire game.
 E = Experience gained in this place as a percentage of experience gained in the entire game.
 F = Experience gained in this place divided by the number of levels of this place that you have seen.
                   A       B       C       D       E      F
               +-------+-------+-------+-------+-------+----------------------
         Total | 100.0 | 100.0 |  -nan | 100.0 | 100.0 | 26888.0
       Dungeon | 100.0 | 100.0 |  -nan | 100.0 | 100.0 | 26888.0
               +-------+-------+-------+-------+-------+----------------------
